AoeStats
← cargoyle

Lombardia

510213765Analyzed
2v2 RM · 2d ago on Sep 30, 2026· 25m 23s· 4 players
Game mode
Random Map
Map size
Medium (4 player)
Population
200
Speed
Normal
Resources
Standard
Victory
Conquest
Starting age
Dark Age
Ending age
Imperial Age
RankedLock teamsTeams togetherTeam positionsShared explorationLock speedFull tech treeHidden civsTurbo modeCheats
Victory
Defeat
🇨🇦 Varangians · Canada
924
+14
🇨🇦 Bulgarians · Canada
903
+15
🇵🇪 Burmese · Peru
913
-15
🇦🇷 Malians · Argentina
859
-14
cargoyle
8:54 Loom
11:44 Feudal Age
12:04 Man-at-Arms
19:56 Double-Bit Axe
19:57 Horse Collar
23:35 Castle Age
22:10 Scale Mail Armor
22:22 Forging
Marty
10:58 Feudal Age
9:14 Loom
11:17 Loom
13:35 Double-Bit Axe
14:59 Forging
15:30 Horse Collar
17:19 Scale Mail Armor
21:04 Castle Age
19:24 Scale Barding Armor
19:48 Bloodlines
22:12 Gold Mining
23:13 Bow Saw
24:05 Wheelbarrow
Mitocondria
0:46 Loom
12:01 Feudal Age
18:31 Castle Age
19:09 Scale Mail Armor
SunTzu_Player
8:01 Loom
10:14 Feudal Age
18:23 Castle Age
17:59 Fletching
19:17 Husbandry
Connection lost

Rejoining the realm…

Still unreachable

The connection could not be restored.

Session expired

The server has moved on; the page needs a fresh start.